 Dungeon Crawl Stone Soup version 0.25.1-11-g244df3a29b (webtiles) character file.

Game seed: 7267814019939099892

1688033 DeepDeath the Conqueror (level 27, 273/273 HPs)
             Began as a Centaur Fighter on Apr 6, 2024.
             Was the Champion of Okawaru.
             Escaped with the Orb
             ... and 3 runes on Apr 15, 2024!
             The game lasted 06:16:04 (82408 turns).

DeepDeath the Conqueror (Centaur Fighter)          Turns: 82408, Time: 06:16:05

Health: 273/273    AC: 37    Str: 25    XL:     27
Magic:  34/34      EV: 27    Int:  5    God:    Okawaru [******]
Gold:   7467       SH: 26    Dex: 30    Spells: 25/26 levels left

rFire    + + .     SeeInvis +   v - +10 broad axe "Hellblazer" {vamp, *Slow rPois rN+++ Dex+4}
rCold    + + .     Gourm    .   N - +3 tower shield {rC+}
rNeg     + + +     Faith    .   L - +7 ring mail "Qiyfol" {rF+ rCorr}
rPois    +         Spirit   .   P - +5 hat of the Commoners {Dex+2 SInv Stlth-}
rElec    +         Reflect  .   n - +1 cloak "Hixoala" {rF+ Slay+4}
rCorr    +         Harm     .   V - +2 pair of gloves {Str+3}
MR       +++++     Clarity  +   T - +4 centaur barding {Fly}
Stlth    ..........             K - amulet of the Four Winds {rN+ MR+++ Clar}
HPRegen  0.55/turn              D - ring "Etuwor" {rElec EV+4 Dex+2}
MPRegen  0.24/turn              u - ring "Moiluado" {rC+ rN+ MR+ Int-2 Dex+3}

@: hasted, very quick
A: large, hooves 3, deformed body, speed 2, tough skin 3
0: Orb of Zot
}: 3/15 runes: decaying, serpentine, silver
a: Heroism, Finesse, Renounce Religion, Evoke Flight


You escaped.
You worshipped Okawaru.
Okawaru was exalted by your worship.
You were very full.

You visited 11 branches of the dungeon, and saw 53 of its levels.
You also visited: Gauntlet.

You collected 13732 gold pieces.
You spent 6265 gold pieces at shops.

Inventory:

Hand Weapons
 a - a +4 antimagic broad axe
 q - the +4 hand crossbow of Kismet {speed, rN+ MR+}
   (You took it off an ironheart preserver on level 4 of the Vaults)

   Attacks with this weapon are significantly faster.
   It protects you from negative energy.
   It affects your resistance to hostile enchantments.
 s - a +4 broad axe of flaming
 v - the +10 broad axe "Hellblazer" (weapon) {vamp, *Slow rPois rN+++ Dex+4}
   (You found it on level 5 of the Depths)

   It inflicts no extra harm, but heals its wielder when it wounds a living foe.
   It affects your dexterity (+4).
   It protects you from poison.
   It renders you almost immune to negative energy.
   It may slow you when you take damage.
 w - a +8 demon trident of freezing
Missiles
 x - 950 bolts
 F - 50 javelins
 S - 39 silver javelins (quivered)
 Z - 17 curare-tipped darts
Armour
 n - the +1 cloak "Hixoala" (worn) {rF+ Slay+4}
   (You found it on level 3 of the Swamp)

   It affects your accuracy and damage with ranged weapons and melee attacks
   (+4).
   It protects you from fire.
 L - the +7 ring mail "Qiyfol" (worn) {rF+ rCorr}
   (You found it on level 9 of the Dungeon)

   It protects you from fire.
   It provides partial protection from all sources of acid and corrosion.
 N - a +3 tower shield of cold resistance (worn)
 P - the +5 hat of the Commoners (worn) {Dex+2 SInv Stlth-}
   (Okawaru gifted it to you on level 1 of the Depths)

   It affects your dexterity (+2).
   It lets you see invisible.
   It makes you less stealthy.
 R - a +3 kite shield of poison resistance
 T - a +4 centaur barding of flying (worn)
 V - a +2 pair of gloves of strength (worn)
Jewellery
 k - the ring of Cheibriados's Outrage {rF- rC++ rN+ MR+}
   (You found it on level 3 of the Depths)

   [ring of positive energy]

   It makes you vulnerable to fire.
   It greatly protects you from cold.
   It protects you from negative energy.
   It affects your resistance to hostile enchantments.
 u - the ring "Moiluado" (right hand) {rC+ rN+ MR+ Int-2 Dex+3}
   (You found it on level 3 of the Crypt)

   [ring of positive energy]

   It affects your intelligence (-2).
   It affects your dexterity (+3).
   It protects you from cold.
   It protects you from negative energy.
   It affects your resistance to hostile enchantments.
 D - the ring "Etuwor" (left hand) {rElec EV+4 Dex+2}
   (You took it off a deep elf sorcerer on level 3 of the Elven Halls)

   [ring of evasion]

   It affects your evasion (+4).
   It affects your dexterity (+2).
   It insulates you from electricity.
 K - the amulet of the Four Winds (around neck) {rN+ MR+++ Clar}
   (You bought it in a shop on level 5 of the Dungeon)

   [amulet of nothing]

   It protects you from negative energy.
   It affects your resistance to hostile enchantments.
   It protects you against confusion.
 W - the ring "Otuemehu" {Fire Dex+7}
   (You took it off a vampire knight on level 5 of the Depths)

   [ring of fire]

   It enhances your fire magic.
   It affects your dexterity (+7).
   It protects you from fire.
   It makes you vulnerable to cold.
Wands
 l - a wand of disintegration (53)
 o - a wand of clouds (7)
 t - a wand of iceblast (32)
 A - a wand of acid (4)
 J - a wand of enslavement (7)
 M - a wand of digging (4)
 X - a wand of paralysis (57)
Scrolls
 g - a scroll of summoning
 p - 20 scrolls of teleportation
 y - 9 scrolls of fog
 E - 38 scrolls of remove curse
 H - 5 scrolls of identify
 I - 7 scrolls of blinking
 U - a scroll of holy word
 Y - 7 scrolls of magic mapping
Potions
 b - 13 potions of heal wounds
 c - 28 potions of curing
 d - 7 potions of might
 e - 8 potions of flight
 h - 4 potions of haste
 i - 6 potions of invisibility
 j - 6 potions of stabbing
 r - 6 potions of cancellation
 z - 5 potions of mutation
 Q - 5 potions of resistance
Miscellaneous
 m - a phial of floods
 B - 5 phantom mirrors
 C - a lightning rod (4/4)
 G - 4 boxes of beasts
Comestibles
 f - 71 rations


   Skills:
 O Level 27 Fighting
 - Level 15.8(18.1) Axes
 - Level 15.4(18.0) Polearms
 - Level 12.0 Crossbows
 - Level 16.0 Throwing
 + Level 13.3 Armour
 + Level 16.0 Dodging
 + Level 16.0 Shields
 - Level 15.0 Invocations
 - Level 10.0 Evocations


You had 25 spell levels left.
You knew the following spells:

 Your Spells              Type           Power        Failure   Level  Hunger
a - Apportation           Tloc           #.....       58%         1    ##.....

Your spell library contained the following spells:

 Spells                   Type           Power        Failure   Level  Hunger
 Animate Skeleton         Necr           N/A          58%         1    ##.....
 Beastly Appendage        Tmut           #.....       58%         1    ##.....
 Corona                   Hex            #......      58%         1    ##.....
 Foxfire                  Conj/Fire      #...         58%         1    ##.....
 Infusion                 Chrm           #...         58%         1    ##.....
 Magic Dart               Conj           #...         58%         1    ##.....
 Pain                     Necr           #...         58%         1    ##.....
 Sandblast                Erth           #.....       58%         1    ##.....
 Shock                    Conj/Air       #...         58%         1    ##.....
 Sting                    Tmut/Pois      #...         58%         1    ##.....
 Summon Butterflies       Summ           #.......     58%         1    ##.....
 Summon Small Mammal      Summ           #...         58%         1    ##.....
 Blink                    Tloc           N/A          73%         2    ###....
 Call Imp                 Summ           #.......     73%         2    ###....
 Corpse Rot               Necr/Air       N/A          73%         2    ###....
 Ensorcelled Hibernation  Hex/Ice        #.....       73%         2    ###....
 Passwall                 Tmut/Erth      #.......     73%         2    ###....
 Poisonous Vapours        Pois/Air       #.....       73%         2    ###....
 Searing Ray              Conj           #.....       73%         2    ###....
 Shroud of Golubria       Chrm/Tloc      #.....       73%         2    ###....
 Slow                     Hex            #.......     73%         2    ###....
 Song of Slaying          Chrm           #.......     73%         2    ###....
 Sticks to Snakes         Tmut           #.......     73%         2    ###....
 Sublimation of Blood     Necr           #.........   73%         2    ###....
 Swiftness                Chrm/Air       #.......     73%         2    ###....
 Call Canine Familiar     Summ           #.......     91%         3    ####...
 Confusing Touch          Hex            #.......     91%         3    ####...
 Conjure Flame            Conj/Fire      #.......     91%         3    ####...
 Dazzling Flash           Conj/Hex       #.....       91%         3    ####...
 Gell's Gravitas          Tloc           #.........   91%         3    ####...
 Ignite Poison            Fire/Tmut/Pois #.......     91%         3    ####...
 Inner Flame              Hex/Fire       #.......     91%         3    ####...
 Lesser Beckoning         Tloc           #.........   91%         3    ####...
 Mephitic Cloud           Conj/Pois/Air  #.......     91%         3    ####...
 Ozocubu's Armour         Chrm/Ice       #.......     91%         3    ####...
 Portal Projectile        Hex/Tloc       #.....       91%         3    ####...
 Recall                   Summ/Tloc      N/A          91%         3    ####...
 Spectral Weapon          Hex/Chrm       #.......     91%         3    ####...
 Spider Form              Tmut/Pois      #.........   91%         3    ####...
 Static Discharge         Conj/Air       #.......     91%         3    ####...
 Stone Arrow              Conj/Erth      #.....       91%         3    ####...
 Summon Guardian Golem    Hex/Summ       #.......     91%         3    ####...
 Teleport Other           Tloc           #.......     91%         3    ####...
 Tukima's Dance           Hex            #.......     91%         3    ####...
 Airstrike                Air            #.........   100%        4    #####..
 Animate Dead             Necr           N/A          100%        4    #####..
 Cause Fear               Hex            #.........   100%        4    #####..
 Dispel Undead            Necr           #.......     100%        4    #####..
 Fulminant Prism          Conj/Hex       #.........   100%        4    #####..
 Hailstorm                Conj/Ice       #.......     100%        4    #####..
 Ice Form                 Ice/Tmut       #.......     100%        4    #####..
 Iskenderun's Mystic Bla  Conj/Tloc      #.......     100%        4    #####..
 Leda's Liquefaction      Hex/Erth       #.........   100%        4    #####..
 Olgreb's Toxic Radiance  Pois           #.......     100%        4    #####..
 Petrify                  Tmut/Erth      #.......     100%        4    #####..
 Sticky Flame             Conj/Fire      #.......     100%        4    #####..
 Summon Ice Beast         Ice/Summ       #.......     100%        4    #####..
 Summon Lightning Spire   Summ/Air       #.......     100%        4    #####..
 Agony                    Necr           #.......     100%        5    ######.
 Alistair's Intoxication  Tmut/Pois      #.......     100%        5    ######.
 Aura of Abjuration       Summ           #.........   100%        5    ######.
 Blade Hands              Tmut           #.........   100%        5    ######.
 Bolt of Magma            Conj/Fire/Erth #.........   100%        5    ######.
 Borgnjor's Vile Clutch   Necr/Erth      #.........   100%        5    ######.
 Excruciating Wounds      Chrm/Necr      #.........   100%        5    ######.
 Fireball                 Conj/Fire      #.........   100%        5    ######.
 Irradiate                Conj/Tmut      #.........   100%        5    ######.
 Iskenderun's Battlesphe  Conj/Chrm      #.......     100%        5    ######.
 Lee's Rapid Deconstruct  Erth           #.........   100%        5    ######.
 Lightning Bolt           Conj/Air       #.........   100%        5    ######.
 Metabolic Englaciation   Hex/Ice        #.........   100%        5    ######.
 Silence                  Hex/Air        #.........   100%        5    ######.
 Summon Demon             Summ           #.........   100%        5    ######.
 Summon Forest            Summ/Tloc      #.........   100%        5    ######.
 Summon Mana Viper        Hex/Summ       #.......     100%        5    ######.
 Yara's Violent Unravell  Hex/Tmut       #.........   100%        5    ######.
 Conjure Ball Lightning   Conj/Air       #.........   100%        6    #######
 Darkness                 Hex            #.........   100%        6    #######
 Dispersal                Tloc           #.........   100%        6    #######
 Freezing Cloud           Conj/Ice/Air   #.........   100%        6    #######
 Hydra Form               Tmut           #.........   100%        6    #######
 Invisibility             Hex            #.......     100%        6    #######
 Iron Shot                Conj/Erth      #.........   100%        6    #######
 Shadow Creatures         Summ           N/A          100%        6    #######
 Simulacrum               Ice/Necr       #.........   100%        6    #######
 Statue Form              Tmut/Erth      #........    100%        6    #######
 Dragon Form              Tmut           #.........   100%        7    #######
 Haunt                    Necr/Summ      #.........   100%        7    #######
 Malign Gateway           Summ/Tloc      #.........   100%        7    #######
 Monstrous Menagerie      Summ           #.........   100%        7    #######
 Orb of Destruction       Conj           #.........   100%        7    #######
 Ring of Flames           Chrm/Fire      #.........   100%        7    #######
 Spellforged Servitor     Conj/Summ      #.........   100%        7    #######
 Summon Greater Demon     Summ           #.........   100%        7    #######
 Summon Hydra             Summ           #.........   100%        7    #######
 Borgnjor's Revivificati  Necr           #.........   100%        8    #######
 Controlled Blink         Tloc           N/A          100%        8    #######
 Death's Door             Chrm/Necr      #.........   100%        8    #######
 Discord                  Hex            #.........   100%        8    #######
 Disjunction              Tloc           #.........   100%        8    #######
 Ignition                 Fire           #.........   100%        8    #######
 Infestation              Necr           #.........   100%        8    #######
 Necromutation            Tmut/Necr      #.........   100%        8    #######
 Summon Horrible Things   Summ           #.........   100%        8    #######
 Dragon's Call            Summ           #.........   100%        9    #######
 Shatter                  Erth           #.........   100%        9    #######
 Tornado                  Air            #.........   100%        9    #######
 Passage of Golubria      Tloc           Unusable     N/A         4    N/A

Dungeon Overview and Level Annotations

Branches:
Dungeon (15/15)            Temple (1/1) D:4            Lair (6/6) D:10
  Swamp (4/4) Lair:3        Snake (4/4) Lair:4        Slime (0/5) Lair:6
    Orc (2/2) D:9             Elf (3/3) Orc:2        Vaults (5/5) D:14
  Crypt (3/3) Vaults:2       Tomb (0/3) Crypt:3      Depths (5/5) D:15
    Zot (5/5) Depths:5    Gauntlet (visited)

Altars:
Ashenzari
Cheibriados
Dithmenos
Elyvilon
Fedhas
Gozag
Hepliaklqana
Kikubaaqudgha
Makhleb
Nemelex Xobeh
Okawaru
Qazlal
Ru
Sif Muna
Trog
Uskayaw
Vehumet
Wu Jian
Xom
Yredelemnul
Zin
The Shining One
Beogh
Jiyva

Shops:
D:5 =   D:9 !   D:11 [   D:14 [   Orc:2 [*:(   Elf:1 !   Elf:2 ?   Vaults:4 (
Depths:1 %*

Portals:
Hell: Depths:1 Depths:2 Depths:3 Depths:4 Depths:5
Abyss: Depths:4
Pandemonium: Depths:3 Depths:4
Ziggurat: Depths:4
Trove: D:14 (give 7 scrolls of fear)

Annotations:
Zot:1 1 transporter


Innate Abilities, Weirdness & Mutations

You have hooves in place of feet.
Armour fits poorly on your strangely shaped body.
You cover ground very quickly.
You have extremely tough skin. (AC +3)


Message History

There is a stone staircase leading up here.
You climb upwards.
There is a stone staircase leading down here.
You see here a robe.
There is an escape hatch in the ceiling here.
Unknown command.
A mysterious force pulls you upwards. The hatch slams shut behind you.
There is a stone staircase leading up here.
You climb upwards.
There is a stone staircase leading down here.
You see here a +0 dagger.
You see here a +0 club.
There is a stone staircase leading up here.
You climb upwards.
There is a stone staircase leading down here.
Unknown command.
You feel yourself speed up.
Unknown command.
There is a staircase leading out of the dungeon here.
You have escaped!

#########
#...+...#
#@#.#.#.#
####.#(####
#.........#
#.##...##.#
#..#...#..#
####...####
##.## #.#
#.#


There were no monsters in sight!

Vanquished Creatures
  9 ancient liches
  Mara (Depths:2)
  5 orbs of fire
  5 juggernauts
  Bai Suzhen (Snake:3)
  Frederick (Crypt:1)
  3 Killer Klowns
  Xtahua (Vaults:2)
  Saint Roka (Elf:2)
  6 caustic shrikes
  3 curse toes
  16 golden dragons
  Nikola (Snake:1)
  A bone dragon (Crypt:2)
  The ghost of Cheops the Martial Artist, an adept GnTm of Okawaru (Elf:3)
  Jorgrun (Snake:1)
  5 electric golems
  13 tentacled monstrosities
  25 Orb Guardians (Zot:5)
  8 liches
  A deep elf blademaster (Elf:3)
  5 quicksilver dragons
  8 titans
  A deep elf master archer (Elf:3)
  7 death cobs
  An Executioner (Depths:3)
  Agnes (Snake:1)
  8 sphinxes
  10 ancient champions
  18 shadow dragons
  15 tengu reavers
  2 revenants
  Donald (Orc:2)
  24 storm dragons
  7 draconian monks
  7 draconian knights
  22 frost giants
  10 nagarajas
  9 deep elf sorcerers
  13 fire giants
  A draconian scorcher (Zot:3)
  16 vault wardens
  8 draconian shifters
  Aizul (Snake:2)
  9 deep elf elementalists
  The ghost of DeepDeath the Basher, an adept GrAK of Lugonu (Orc:1)
  2 orc warlords
  2 ghost moths
  An emperor scorpion (D:15)
  13 ghouls
  A balrug (Depths:1)
  4 iron dragons (Vaults:5)
  2 draconian stormcallers
  5 spriggan defenders
  A war gargoyle (Vaults:5)
  17 ironheart preservers
  26 very ugly things
  A draconian annihilator (Depths:5)
  23 stone giants
  11 vampire knights
  3 reapers (Crypt:2)
  An entropy weaver (Vaults:5)
  11 black draconians
  11 deep elf demonologists
  7 white draconians
  12 deep elf annihilators
  7 red draconians
  6 green draconians
  7 purple draconians
  7 yellow draconians
  A minotaur (Gauntlet)
  6 spark wasps
  11 deep elf death magi
  22 ettins
  Snorg (Lair:4)
  A quicksilver dragon zombie (Vaults:5)
  2 mummy priests (Crypt:3)
  19 yaktaur captains
  2 merfolk impalers (Depths:4)
  A fire dragon (shapeshifter) (Depths:4)
  15 jiangshi
  11 fire dragons
  5 eidola
  11 deep elf high priests
  Harold (D:7)
  12 great orbs of eyes
  11 naga warriors
  37 vault guards
  4 rakshasas
  4 shambling mangroves
  12 ice dragons
  A hell beast (Depths:4)
  6 spriggan air magi
  3 quicksilver dragon skeletons (Crypt:2)
  A catoblepas (Gauntlet)
  10 centaur warriors
  28 hydras
  3 anacondas (Snake:3)
  23 dancing weapons
  2 ghost crabs
  11 tengu warriors
  3 death knights
  15 deep troll earth magi
  11 vampire magi
  14 alligators
  16 ogre magi
  10 deep troll shamans
  Urug (Orc:2)
  30 two-headed ogres
  A large abomination (Vaults:1)
  7 shock serpents
  A thrashing horror (Gauntlet)
  26 deep elf knights
  2 orc high priests
  A titan zombie (Vaults:5)
  11 hell knights
  11 spriggan berserkers
  8 naga sharpshooters
  A soul eater (D:9)
  Sonja (D:10)
  2 sun demons (Depths:1)
  A fire crab (shapeshifter) (Depths:3)
  2 iron trolls (Depths:2)
  33 skeletal warriors
  An unseen horror (D:10)
  12 shadow wraiths
  10 flayed ghosts
  2 sea snakes (Snake:4)
  A glowing orange brain (shapeshifter) (Vaults:5)
  11 deep trolls
  An unseen horror (shapeshifter) (Depths:2)
  3 naga ritualists
  A swamp dragon (shapeshifter) (Depths:3)
  2 wizards (Vaults:2)
  3 spriggan druids
  An anaconda skeleton (Crypt:1)
  14 ironbrand convokers
  An obsidian statue (D:15)
  17 deep elf archers
  5 necromancers
  An iron giant skeleton (Crypt:1)
  3 mana vipers
  15 swamp dragons
  10 phantasmal warriors
  A sphinx zombie (Crypt:3)
  A wolf spider zombie (D:9)
  An iron dragon zombie (Crypt:2)
  4 harpies (Vaults:4)
  4 golden dragon skeletons (Crypt:2)
  16 orc knights
  A wolf spider (shapeshifter) (Elf:1)
  2 tengu skeletons
  4 wolf spiders
  A shadow dragon zombie (Vaults:5)
  57 deep elf magi
  A mana viper (shapeshifter) (Depths:5)
  4 manticores (D:15)
  3 stone giant zombies
  2 fire giant zombies
  3 cyclopes
  68 ugly things
  5 orc sorcerers
  26 moths of wrath
  29 black mambas
  12 naga magi
  5 guardian serpents
  A guardian serpent (shapeshifter) (D:15)
  A toenail golem (D:10)
  A stone giant skeleton (Crypt:3)
  2 rust devils (Depths:4)
  2 salamanders (Snake:3)
  A torpor snail (shapeshifter) (Vaults:5)
  A water nymph (shapeshifter) (Vaults:3)
  Psyche (D:10)
  14 vault sentinels
  A titan simulacrum (Crypt:1)
  6 gargoyles
  25 spiny frogs
  A smoke demon (Depths:4)
  A torpor snail (Lair:6)
  8 komodo dragons
  A death yak zombie (Crypt:3)
  An elephant slug zombie (Crypt:2)
  40 yaktaurs
  A rime drake (Lair:4)
  A rime drake (shapeshifter) (Vaults:1)
  A kobold demonologist (D:15)
  21 freezing wraiths
  A komodo dragon (shapeshifter) (Vaults:3)
  An iron troll zombie (Crypt:3)
  2 tengu conjurers
  5 guardian mummies (Crypt:3)
  A queen bee (shapeshifter) (Vaults:3)
  5 trolls
  14 polar bears
  A troll (shapeshifter) (Depths:5)
  A deep troll zombie (Depths:1)
  A shadow dragon simulacrum (Vaults:5)
  A tyrant leech (shapeshifter) (Depths:4)
  Prince Ribbit (D:7)
  19 bog bodies
  18 hornets
  4 raiju
  13 hippogriffs
  28 slime creatures
  A hippogriff (shapeshifter) (Depths:4)
  16 tyrant leeches
  A slime creature (shapeshifter) (Depths:5)
  6 dream sheep (Lair:6)
  2 fire giant simulacra
  A meliai zombie (D:15)
  9 blink frogs
  4 small abominations
  A fire dragon zombie (Depths:1)
  3 fire dragon skeletons (Crypt:2)
  8 shadows
  2 elf zombies (Vaults:5)
  6 redbacks
  6 flying skulls (Crypt:2)
  3 air elementals (Elf:3)
  A vampire (Depths:1)
  4 water elementals
  6 wraiths
  An ice dragon skeleton (Crypt:3)
  2 ettin skeletons (Vaults:5)
  A spriggan (shapeshifter) (Depths:3)
  A tarantella (Vaults:5)
  A dire elephant simulacrum (Crypt:3)
  2 redbacks (shapeshifter)
  7 spriggans
  A ynoxinul (Depths:4)
  67 yaks
  11 wyverns
  A fire elemental (Elf:2)
  2 golden eyes (shapeshifter) (Vaults:4)
  A yak (shapeshifter) (Vaults:4)
  2 basilisks
  4 steam dragons
  22 vampire mosquitoes
  2 hungry ghosts
  15 insubstantial wisps
  14 wargs
  A water nymph zombie (Crypt:2)
  17 swamp worms
  A torturous demonspawn zombie (Crypt:3)
  A soldier ant (D:13)
  2 acid dragons
  14 hell hounds (Lair:6)
  49 nagas
  20 water moccasins
  9 porcupines
  A hornet zombie (Crypt:2)
  An ice beast (shapeshifter) (Depths:4)
  An ice beast (D:9)
  64 orc warriors
  13 swamp drakes
  A sky beast (D:9)
  A black mamba simulacrum (Crypt:1)
  3 phantoms (D:11)
  An eye of draining (shapeshifter) (D:13)
  An elf simulacrum (Vaults:5)
  16 black bears
  An eye of draining (Vaults:3)
  6 necrophages
  18 wolves (Lair:6)
  9 boggarts
  36 ogres
  A snapping turtle zombie (Crypt:1)
  16 centaurs
  21 crocodiles
  A manticore skeleton (Crypt:2)
  A hippogriff zombie (Crypt:1)
  A big kobold (shapeshifter) (Depths:4)
  6 big kobolds
  18 bullfrogs
  A wyvern zombie (D:14)
  A glowing shapeshifter simulacrum (Vaults:5)
  3 earth elementals
  A water moccasin zombie (D:9)
  A warg zombie (Crypt:1)
  A water moccasin skeleton (D:4)
  A shapeshifter zombie (Crypt:2)
  4 scorpions
  2 electric eels
  8 wights
  2 howler monkeys
  A vampire bat (Lair:6)
  A troll skeleton (Crypt:1)
  6 crimson imps
  A bullfrog zombie (D:12)
  2 human simulacra
  6 centaur zombies
  2 quasits
  8 centaur skeletons
  9 hounds
  28 orc priests
  An iron imp (Depths:3)
  5 jellies
  A human skeleton (Crypt:2)
  4 bullfrog skeletons
  3 iguanas
  7 worker ants
  34 orc wizards
  A lightning spire (Zot:3)
  A killer bee zombie (D:9)
  A hound zombie (D:11)
  A demigod skeleton (Crypt:1)
  12 mummies (Crypt:3)
  Robin (D:4)
  3 gnolls (D:5)
  A howler monkey skeleton (D:9)
  8 adders
  A swamp drake zombie (Crypt:3)
  2 shadow imps
  An ooze (shapeshifter) (Depths:4)
  7 oozes
  A worm zombie (Crypt:1)
  A halfling zombie (Crypt:2)
  4 adder skeletons
  2 adder zombies
  A halfling skeleton (Crypt:1)
  2 worms (D:2)
  A barachi skeleton (Crypt:1)
  6 leopard geckos
  112 orcs
  14 bats
  A giant cockroach (D:3)
  17 goblins
  6 hobgoblins
  21 jackals
  4 quokkas
  2 ball pythons
  A dart slug zombie (Crypt:1)
  5 frilled lizards
  A goblin zombie (Crypt:2)
  35 kobolds
  A quokka zombie (Crypt:3)
  9 rats
  A river rat skeleton (Crypt:3)
  2 crawling corpses (Crypt:2)
  4 plants
2618 creatures vanquished.

Vanquished Creatures (collateral kills)
  A yaktaur (Depths:2)
1 creature vanquished.

Vanquished Creatures (others)
  A golden dragon (Vaults:5)
  A lich (Depths:4)
  A draconian stormcaller (Zot:3)
  A naga mage (Snake:3)
  A wolf (Lair:6)
  2 orcs
  A bush (Lair:6)
  A fire vortex (Lair:6)
  39 fungi
  30 plants
78 creatures vanquished.

Grand Total: 2697 creatures vanquished

Notes
Turn   | Place    | Note
-------+----------+-------------------------------------------
     0 | D:1      | DeepDeath the Centaur Fighter began the quest for the Orb.
     0 | D:1      | Reached XP level 1. HP: 19/19 MP: 1/1
    40 | D:1      | You fall into a shaft and drop 1 floor!
    91 | D:2      | Reached XP level 2. HP: 25/26 MP: 2/2
   904 | D:2      | Reached XP level 3. HP: 24/31 MP: 3/3
   988 | D:2      | Found a glowing silver altar of Zin.
   988 | D:2      | Found a sparkling altar of Nemelex Xobeh.
   988 | D:2      | Found a snail-covered altar of Cheibriados.
   988 | D:2      | Found a hazy altar of Hepliaklqana.
  1030 | D:2      | Found a radiant altar of Vehumet.
  1649 | D:3      | Reached XP level 4. HP: 38/38 MP: 4/4
  2942 | D:4      | Reached skill level 5 in Polearms
  2942 | D:4      | Reached XP level 5. HP: 41/45 MP: 5/5
  2987 | D:4      | Noticed Robin
  3008 | D:4      | Killed Robin
  3048 | D:4      | Found a staircase to the Ecumenical Temple.
  3086 | Temple   | Entered the Ecumenical Temple
  3286 | Temple   | Became a worshipper of Warmaster Okawaru
  3392 | D:4      | Noticed Grinder
  3393 | D:4      | Paralysed by Grinder for 5 turns
  3399 | D:4      | Noticed Grinder
  3399 | D:4      | Grinder changed into Grinder the crimson imp
  3451 | D:4      | Killed Grinder the crimson imp
  3451 | D:4      | Reached skill level 1 in Invocations
  3451 | D:4      | Reached XP level 6. HP: 32/51 MP: 6/6
  3677 | D:4      | Reached * piety under Okawaru
  3701 | D:4      | Found a sacrificial altar of Ru.
  4158 | D:5      | Entered Level 5 of the Dungeon
  4234 | D:5      | Found Misih's Jewellery Shoppe.
  4238 | D:5      | Noticed an orc warrior
  4241 | D:5      | Reached XP level 7. HP: 57/57 MP: 5/8
  4247 | D:5      | Reached skill level 1 in Dodging
  4260 | D:5      | Reached skill level 1 in Evocations
  4594 | D:5      | Found a shattered altar of Ashenzari.
  4868 | D:6      | Found an ornate altar of the Wu Jian Council.
  5226 | D:6      | Reached XP level 8. HP: 58/63 MP: 10/10
  5311 | D:6      | Reached ** piety under Okawaru
  5416 | D:6      | Found an opulent altar of Gozag.
  5737 | D:7      | Noticed Harold
  5748 | D:7      | Noticed a hippogriff
  5823 | D:7      | Noticed Prince Ribbit
  5910 | D:7      | Killed Prince Ribbit
  5928 | D:7      | Killed Harold
  5928 | D:7      | Reached *** piety under Okawaru
  5928 | D:7      | Reached **** piety under Okawaru
  5928 | D:7      | Reached XP level 9. HP: 69/69 MP: 11/11
  6222 | D:7      | Found an opulent altar of Gozag.
  6433 | D:7      | Got a polished hand axe
  6434 | D:7      | Identified the cursed +0 hand axe of Plague {vamp, *Corrode
                  | rC+ rN+} (You found it on level 7 of the Dungeon)
  6493 | D:7      | Reached skill level 1 in Throwing
  6952 | D:8      | Reached ***** piety under Okawaru
  7576 | D:5      | Bought the amulet of the Four Winds {rN+ MR+++ Clar} for
                  | 439 gold pieces
  7576 | D:5      | Found the amulet of the Four Winds {rN+ MR+++ Clar}
  7916 | D:9      | Found a staircase to the Orcish Mines.
  8122 | D:9      | Reached skill level 4 in Fighting
  8126 | D:9      | Reached skill level 10 in Polearms
  8131 | D:9      | Reached XP level 10. HP: 74/78 MP: 11/13
  8137 | D:9      | Reached skill level 5 in Invocations
  8292 | D:9      | Found Pefebb's Distillery.
  8390 | D:9      | Identified the +7 ring mail "Qiyfol" {rF+ rCorr} (You found
                  | it on level 9 of the Dungeon)
  9056 | D:9      | Bought a potion of flight for 36 gold pieces
  9221 | D:10     | Entered Level 10 of the Dungeon
  9265 | D:10     | Noticed a gargoyle
  9277 | D:9      | Killed a gargoyle
  9353 | D:10     | Noticed Sonja
  9411 | D:10     | Killed Sonja
  9411 | D:10     | Reached skill level 5 in Fighting
  9527 | D:10     | Noticed Psyche
  9531 | D:10     | Killed Psyche
  9601 | D:10     | Noticed a gargoyle
  9633 | D:10     | Killed a gargoyle
  9633 | D:10     | Reached skill level 5 in Armour
  9633 | D:10     | Reached skill level 5 in Shields
  9861 | D:9      | Reached XP level 11. HP: 75/86 MP: 14/14
 10007 | D:10     | Found a staircase to the Lair.
 10363 | D:10     | Noticed a two-headed ogre
 10391 | D:10     | Killed a two-headed ogre
 10553 | D:10     | Killed an unseen horror
 10709 | D:9      | Bought a potion of berserk rage for 60 gold pieces
 10752 | Lair:1   | Entered Level 1 of the Lair of Beasts
 11213 | Lair:1   | Reached skill level 6 in Fighting
 11626 | Lair:2   | Noticed a four-headed hydra
 12140 | Lair:2   | Reached skill level 5 in Throwing
 12152 | Lair:2   | Received a gift from Okawaru
 12463 | Lair:2   | Reached XP level 12. HP: 82/96 MP: 16/16
 12501 | Lair:2   | Killed a four-headed hydra
 13082 | D:9      | Bought a potion of mutation for 96 gold pieces
 13082 | D:9      | Bought a potion of lignification for 36 gold pieces
 13925 | Lair:3   | Found a staircase to the Swamp.
 14040 | Lair:3   | Got a brightly glowing short sword
 14179 | Lair:3   | Noticed a five-headed hydra
 14199 | Lair:3   | Killed a five-headed hydra
 14270 | Lair:3   | Reached skill level 7 in Fighting
 14670 | Lair:4   | Noticed Snorg
 14684 | Lair:4   | Killed Snorg
 14689 | Lair:4   | Found a staircase to the Snake Pit.
 15018 | Lair:4   | Received a gift from Okawaru
 15027 | Lair:4   | Got a faintly glowing hat {god gift}
 15028 | Lair:4   | Identified the +1 hat of Youthful Indiscretion {rN+ Str+4}
                  | (Okawaru gifted it to you on level 4 of the Lair of Beasts)
 15701 | Lair:4   | Noticed a seven-headed hydra
 15724 | Lair:4   | Killed a seven-headed hydra
 15724 | Lair:4   | Reached XP level 13. HP: 90/107 MP: 19/19
 16468 | Lair:5   | Reached skill level 8 in Fighting
 17013 | Orc:1    | Entered Level 1 of the Orcish Mines
 17026 | Orc:1    | Noticed an orc warlord
 17050 | Orc:1    | Killed an orc warlord
 17097 | Orc:1    | Found a runed translucent door.
 17098 | Orc:1    | Noticed DeepDeath's ghost (adept GrAK)
 17206 | Orc:1    | Received a gift from Okawaru
 17213 | Orc:1    | You fall into a shaft and drop 1 floor!
 17213 | Orc:2    | Entered Level 2 of the Orcish Mines
 17213 | Orc:2    | Found a roughly hewn altar of Beogh.
 17213 | Orc:2    | Noticed an orc warlord
 17213 | Orc:2    | Noticed Urug
 17213 | Orc:2    | Noticed Donald
 17222 | Orc:2    | Found a staircase to the Elven Halls.
 17819 | Orc:1    | Identified the +7 leather armour of the Kettle-Drum {Int+2
                  | Dex+2 Stlth+} (You found it on level 1 of the Orcish Mines)
 17875 | Orc:1    | You fall into a shaft and drop 1 floor!
 18082 | Orc:2    | Found a roughly hewn altar of Beogh.
 18196 | Orc:2    | Killed Donald
 18558 | Orc:2    | Killed Urug
 18663 | Orc:2    | Reached skill level 9 in Fighting
 18912 | Orc:2    | Killed an orc warlord
 19066 | Orc:2    | Found Asoss's Antique Weapon Emporium.
 19076 | Orc:2    | Found Paun's General Store.
 19106 | Orc:2    | Bought a glowing hand crossbow for 221 gold pieces
 19129 | Orc:2    | Bought a scroll of identify for 30 gold pieces
 19129 | Orc:2    | Bought a scroll of identify for 30 gold pieces
 19129 | Orc:2    | Bought a +1 cloak of poison resistance for 202 gold pieces
 19216 | Orc:2    | Found Efownuz's Book Emporium.
 19231 | Orc:2    | Found Tisynamua's Antique Armour Emporium.
 19422 | Orc:2    | Bought a dazzling ring mail for 315 gold pieces
 19422 | Orc:2    | Bought a steaming helmet for 332 gold pieces
 19424 | Orc:2    | Identified the +1 ring mail "Jiwn" {rPois rF+ rC- rCorr}
                  | (You bought it in a shop on level 2 of the Orcish Mines)
 19425 | Orc:2    | Identified the +1 helmet "Poilejoi" {-Tele rElec rF- Str+8}
                  | (You bought it in a shop on level 2 of the Orcish Mines)
 19769 | D:11     | Found Lij Nynuth's Specialty Armours.
 19791 | D:11     | Reached skill level 1 in Crossbows
 20044 | D:11     | Reached XP level 14. HP: 110/118 MP: 20/20
 20082 | D:11     | Reached ****** piety under Okawaru
 20128 | D:11     | Received a gift from Okawaru
 20706 | D:12     | Found a gate leading to a gauntlet.
 20725 | D:12     | You fall into a shaft and drop 2 floors!
 20978 | Gauntlet | Entered a Gauntlet
 20978 | Gauntlet | Found a transporter.
 20978 | Gauntlet | Found a transporter.
 20986 | Gauntlet | Found a transporter.
 20990 | Gauntlet | Found a transporter.
 21002 | Gauntlet | Found a transporter.
 21006 | Gauntlet | Found a transporter.
 21016 | Gauntlet | Found a transporter.
 21030 | Gauntlet | Found a runed translucent door.
 21034 | Gauntlet | Found a transporter.
 21053 | Gauntlet | Found a transporter.
 21057 | Gauntlet | Found a transporter.
 21068 | Gauntlet | Found a transporter.
 21072 | Gauntlet | Found a transporter.
 21141 | Gauntlet | Got a steaming glass ring
 21153 | Gauntlet | Identified the ring of Ehemmyty {rF+ rC- Int+2 Dex+4} (You
                  | found it in a Gauntlet)
 21236 | Gauntlet | Got a pitted cloak
 21237 | Gauntlet | Identified the cursed +0 cloak of Siuskell {Int+5} (You
                  | found it in a Gauntlet)
 21316 | Gauntlet | Identified the Papyrus of Transmigration and Snow
 21328 | Gauntlet | Identified the amulet "Obyn" {Acrobat Dex+5 Stlth-} (You
                  | found it in a Gauntlet)
 22811 | D:14     | Found a white marble altar of Elyvilon.
 23144 | D:14     | Found Hink's Armour Emporium.
 23181 | D:14     | Noticed an ironheart preserver
 23182 | D:14     | Found a gate to the Vaults.
 23205 | D:14     | Killed an ironheart preserver
 23262 | D:14     | Received a gift from Okawaru
 23559 | D:13     | Reached skill level 10 in Fighting
 24254 | D:14     | Found a portal to a secret trove of treasure.
 24407 | D:15     | Entered Level 15 of the Dungeon
 24500 | D:14     | Received a gift from Okawaru
 24759 | D:15     | Reached skill level 11 in Fighting
 24831 | D:15     | Noticed an emperor scorpion
 24891 | D:15     | Killed an emperor scorpion
 25335 | D:15     | Reached XP level 15. HP: 78/132 MP: 13/21
 25529 | D:15     | Reached skill level 12 in Fighting
 25716 | D:15     | Found a staircase to the Depths.
 26116 | D:15     | Received a gift from Okawaru
 26459 | Swamp:1  | Entered Level 1 of the Swamp
 27603 | D:11     | Bought a +0 centaur barding of flying for 480 gold pieces
 27805 | Swamp:2  | Received a gift from Okawaru
 27805 | Swamp:2  | Reached skill level 13 in Fighting
 28285 | Swamp:2  | Reached skill level 10 in Invocations
 28883 | Swamp:3  | Identified the +1 cloak "Hixoala" {rF+ Slay+4} (You found
                  | it on level 3 of the Swamp)
 29043 | Swamp:3  | Received a gift from Okawaru
 29846 | Swamp:3  | Got a translucent hand crossbow {god gift}
 29847 | Swamp:3  | Identified the +7 hand crossbow "Qiec" {penet, MR- Str+6
                  | Dex-3} (Okawaru gifted it to you on level 3 of the Swamp)
 29991 | Lair:2   | Identified the +7 short sword "Luiguh" {vorpal, *Contam
                  | +Fly rElec MR+} (You found it on level 3 of the Lair of
                  | Beasts)
 30162 | Swamp:4  | Entered Level 4 of the Swamp
 30755 | Swamp:4  | Received a gift from Okawaru
 30755 | Swamp:4  | Reached skill level 14 in Fighting
 30773 | Swamp:4  | Reached XP level 16. HP: 39/146 MP: 19/24
 30818 | Swamp:4  | Reached skill level 10 in Armour
 31442 | Swamp:4  | Received a gift from Okawaru
 31505 | Swamp:4  | Received a gift from Okawaru
 31510 | Swamp:4  | Identified the +1 ring mail of Equam {Harm} (Okawaru gifted
                  | it to you on level 4 of the Swamp)
 32080 | Swamp:4  | Got a decaying rune of Zot
 32536 | Orc:2    | Bought a dazzling ring mail for 315 gold pieces
 32540 | Orc:2    | Identified the +4 ring mail "Uga Leoc" {rF- rC+++ SInv
                  | Stlth-} (You bought it in a shop on level 2 of the Orcish
                  | Mines)
 32696 | Lair:6   | Entered Level 6 of the Lair of Beasts
 32880 | Lair:6   | Found a staircase to the Slime Pits.
 32880 | Lair:6   | Found a viscous altar of Jiyva.
 33343 | Lair:6   | Received a gift from Okawaru
 33523 | Lair:6   | Reached skill level 5 in Dodging
 33572 | Lair:6   | Received a gift from Okawaru
 33926 | Lair:6   | Reached XP level 17. HP: 154/154 MP: 26/26
 34149 | Lair:6   | Reached skill level 15 in Fighting
 34266 | Lair:6   | Reached skill level 15 in Polearms
 34558 | Snake:1  | Entered Level 1 of the Snake Pit
 34605 | Snake:1  | Identified the +7 quarterstaff "Duleg" {pain, MR+ Int+3
                  | Dex+4} (You found it on level 1 of the Snake Pit)
 34783 | Snake:1  | Noticed Nikola
 34795 | Snake:1  | Killed Nikola
 34855 | Snake:1  | Noticed Agnes
 34858 | Snake:1  | Noticed Jorgrun
 35099 | Snake:1  | Killed Jorgrun
 35099 | Snake:1  | Received a gift from Okawaru
 35152 | Snake:1  | Killed Agnes
 35152 | Snake:1  | Reached skill level 5 in Crossbows
 35975 | Snake:2  | Noticed Aizul
 35991 | Snake:2  | Killed Aizul
 36912 | Snake:3  | Noticed Bai Suzhen
 36940 | Snake:3  | Killed Bai Suzhen
 37481 | Snake:3  | Reached skill level 10 in Throwing
 37652 | Snake:3  | Reached skill level 16 in Fighting
 37840 | Snake:3  | Received a gift from Okawaru
 37914 | Snake:3  | Found a blossoming altar of Fedhas.
 38126 | Snake:4  | Entered Level 4 of the Snake Pit
 38655 | Snake:4  | Received a gift from Okawaru
 38658 | Snake:4  | Identified the +2 centaur barding "Vadakih" {+Blink rF-
                  | Int+4} (Okawaru gifted it to you on level 4 of the Snake
                  | Pit)
 38908 | Snake:4  | Reached XP level 18. HP: 166/166 MP: 27/27
 39704 | Snake:4  | Got a serpentine rune of Zot
 40071 | Vaults:1 | Entered Level 1 of the Vaults
 40342 | Vaults:1 | Reached skill level 5 in Evocations
 40408 | Vaults:1 | Received a gift from Okawaru
 40844 | Vaults:1 | Found a hide-covered altar of Uskayaw.
 42018 | Vaults:2 | Noticed Xtahua
 42038 | Vaults:2 | Killed Xtahua
 42038 | Vaults:2 | Received a gift from Okawaru
 42075 | Vaults:2 | Reached XP level 19. HP: 109/174 MP: 25/28
 42082 | Vaults:2 | Received a gift from Okawaru
 42500 | Vaults:2 | Found a staircase to the Crypt.
 42500 | Vaults:2 | Found an ancient bone altar of Kikubaaqudgha.
 42501 | Vaults:2 | Found a basalt altar of Yredelemnul.
 42590 | Vaults:2 | Received a gift from Okawaru
 42593 | Vaults:2 | Got a warped trident {god gift}
 42594 | Vaults:2 | Identified the +1 trident of Ufioluno {drain, *Corrode
                  | Str+5} (Okawaru gifted it to you on level 2 of the Vaults)
 43461 | Orc:1    | Killed DeepDeath's ghost
 43630 | Elf:1    | Entered Level 1 of the Elven Halls
 43748 | Elf:1    | Received a gift from Okawaru
 43987 | Elf:1    | Received a gift from Okawaru
 44064 | Elf:1    | Found an ancient bone altar of Kikubaaqudgha.
 44351 | Elf:1    | Found Dotrun's Distillery.
 44355 | Elf:1    | Bought a potion of resistance for 130 gold pieces
 44357 | Elf:1    | Bought a potion of heal wounds for 65 gold pieces
 44357 | Elf:1    | Bought a potion of invisibility for 104 gold pieces
 44357 | Elf:1    | Bought a potion of ambrosia for 104 gold pieces
 44564 | Elf:1    | Received a gift from Okawaru
 44595 | Elf:1    | Reached skill level 10 in Shields
 45572 | Vaults:3 | Reached skill level 17 in Fighting
 46109 | Vaults:3 | Received a gift from Okawaru
 46305 | Vaults:3 | Identified the +1 hat of Zazu {rElec rPois Int+2 Slay+5}
                  | (Okawaru gifted it to you on level 3 of the Vaults)
 46780 | Vaults:3 | Reached XP level 20. HP: 129/184 MP: 30/30
 46848 | Vaults:3 | Received a gift from Okawaru
 47439 | Vaults:3 | Identified the +1 scale mail "Xeockel" {MR+ Slay+4} (You
                  | found it on level 3 of the Vaults)
 47671 | Vaults:4 | Received a gift from Okawaru
 47944 | Vaults:4 | Reached skill level 10 in Dodging
 47946 | Vaults:4 | Got a slimy trident {god gift}
 48237 | Vaults:4 | Reached skill level 18 in Fighting
 48384 | Vaults:4 | Received a gift from Okawaru
 48850 | Vaults:4 | Received a gift from Okawaru
 49126 | Vaults:4 | Identified the +4 hand crossbow of Kismet {speed, rN+ MR+}
 49232 | Vaults:4 | Reached XP level 21. HP: 193/195 MP: 31/31
 49430 | Vaults:4 | Found Zozel's Weapon Shoppe.
 49538 | Vaults:4 | Identified the +8 chain mail "Bummom" {MR+} (You found it
                  | on level 4 of the Vaults)
 49540 | Vaults:4 | Identified the +3 trident of Odolo {flame, Int+4} (Okawaru
                  | gifted it to you on level 4 of the Vaults)
 50309 | Elf:2    | Found Xom Zeug's Magic Scroll Shoppe.
 50316 | Elf:2    | Bought a scroll of identify for 36 gold pieces
 50316 | Elf:2    | Bought a scroll of identify for 36 gold pieces
 50316 | Elf:2    | Bought a scroll of identify for 36 gold pieces
 50316 | Elf:2    | Bought a scroll of acquirement for 936 gold pieces
 50327 | Elf:2    | Acquired 1450 gold pieces
 50390 | Elf:2    | Found a runed translucent gate.
 50404 | Elf:2    | Found a runed translucent gate.
 50414 | Elf:2    | Found a runed translucent gate.
 51278 | Elf:2    | Noticed Saint Roka
 51321 | Elf:2    | Killed Saint Roka
 51358 | Elf:2    | Received a gift from Okawaru
 51604 | Elf:3    | Entered Level 3 of the Elven Halls
 51753 | Elf:3    | Received a gift from Okawaru
 52056 | Elf:3    | Noticed Cheops's ghost (adept GnTm)
 52077 | Elf:3    | Found a transporter.
 52187 | Elf:3    | Reached skill level 19 in Fighting
 52487 | Elf:3    | Found a transporter.
 52511 | Elf:3    | Received a gift from Okawaru
 52789 | Elf:3    | Identified the ring "Vutex" {+Inv MP+9 Int-2 Slay+3 Stlth+}
 52933 | Elf:3    | Received a gift from Okawaru
 52952 | Elf:3    | Killed Cheops's ghost
 52991 | Elf:3    | Identified the +1 hat of Morality {*Drain rPois rF+ Int+4}
                  | (You found it on level 3 of the Elven Halls)
 53154 | Elf:3    | Identified the cursed +1 falchion of Ashenzari's Hatred
                  | {holy, MP+9}
 53161 | Elf:3    | Identified the +5 battleaxe "Qoeleng" {antimagic, rN+ Str+4
                  | Stlth+}
 53170 | Elf:3    | Received a gift from Okawaru
 53173 | Elf:3    | Reached skill level 20 in Fighting
 53174 | Elf:3    | Identified the +2 rapier "Dena" {distort, SInv}
 53238 | Elf:3    | Identified the +2 cloak of the Farmer {+Fly MP+9 Int+4
                  | Slay-6} (You found it on level 3 of the Elven Halls)
 53264 | Elf:3    | Identified Pigyemuf's Collected Works on Ashen Envenoming
 53287 | Elf:3    | Identified the +9 flail "Byrchuere" {vorpal, rPois rF+ rN+
                  | Dex-3}
 53287 | Elf:3    | Identified the ring "Etuwor" {rElec EV+4 Dex+2}
 54485 | Orc:2    | Bought a manual of Axes for 1324 gold pieces
 54703 | Depths:1 | Entered Level 1 of the Depths
 54749 | Depths:1 | Reached skill level 1 in Axes
 54759 | Depths:1 | Found a gateway to Hell.
 54954 | Depths:1 | Found a glowing golden altar of the Shining One.
 54973 | Depths:1 | Reached XP level 22. HP: 186/209 MP: 32/32
 55119 | Depths:1 | Received a gift from Okawaru
 55154 | Depths:1 | Reached skill level 5 in Axes
 55176 | Depths:1 | Identified the +5 hat of the Commoners {Dex+2 SInv Stlth-}
                  | (Okawaru gifted it to you on level 1 of the Depths)
 55225 | Depths:1 | Found Joitwub's Food Emporium.
 55410 | Depths:1 | Learned a level 1 spell: Apportation
 55506 | Depths:1 | Found Kimi's Blood Bar.
 56399 | Depths:2 | Noticed Mara
 56403 | Depths:2 | Noticed DeepDeath's illusion
 56422 | Depths:2 | Killed Mara
 56690 | Depths:2 | Reached XP level 23. HP: 191/217 MP: 33/33
 56984 | Depths:2 | Reached skill level 10 in Crossbows
 56989 | Depths:2 | Received a gift from Okawaru
 57385 | Depths:3 | Received a gift from Okawaru
 57510 | Depths:3 | Received a gift from Okawaru
 57554 | Depths:3 | Found a burning altar of Makhleb.
 57682 | Depths:3 | Found a transporter.
 57900 | Depths:3 | Found a one-way gate leading to the halls of Pandemonium.
 57960 | Depths:3 | Found a transporter.
 58093 | Depths:3 | Noticed a juggernaut
 58094 | Depths:3 | Noticed a juggernaut
 58114 | Depths:3 | Killed a juggernaut
 58157 | Depths:3 | Reached XP level 24. HP: 165/226 MP: 32/33
 58194 | Depths:3 | Received a gift from Okawaru
 58550 | Depths:3 | Killed a juggernaut
 58550 | Depths:3 | Reached skill level 21 in Fighting
 58661 | Depths:3 | Identified the ring of Cheibriados's Outrage {rF- rC++ rN+
                  | MR+} (You found it on level 3 of the Depths)
 58680 | Depths:3 | Identified the amulet "Coyppul" {Reflect *Slow Dex+7 SH+5
                  | SInv} (You found it on level 3 of the Depths)
 58698 | Depths:3 | Identified the +3 chain mail of the Trout {+Blink} (You
                  | found it on level 3 of the Depths)
 58722 | Depths:3 | Identified the Collected Works on the Volcanoes and
                  | Conjuration
 59366 | Depths:4 | Received a gift from Okawaru
 59593 | Depths:4 | Identified the +11 scimitar of Fear {vorpal, rC+ Str+6}
 59607 | Depths:3 | Received a gift from Okawaru
 60654 | Depths:4 | Received a gift from Okawaru
 60664 | Depths:4 | Reached skill level 15 in Axes
 61124 | Depths:4 | Received a gift from Okawaru
 61354 | Depths:4 | Found a gateway to a ziggurat.
 61371 | Depths:4 | Reached skill level 22 in Fighting
 61379 | Depths:4 | Reached XP level 25. HP: 200/238 MP: 30/33
 61514 | Depths:4 | Found a one-way gate to the infinite horrors of the Abyss.
 61803 | Depths:5 | Entered Level 5 of the Depths
 62323 | Depths:5 | Found a gate to the Realm of Zot.
 62403 | Depths:5 | Found an opulent altar of Gozag.
 62404 | Depths:5 | Found a shimmering altar of Xom.
 62406 | Depths:5 | Found a shimmering altar of Xom.
 62543 | Depths:5 | Received a gift from Okawaru
 62956 | Depths:5 | Noticed a juggernaut
 62977 | Depths:5 | Killed a juggernaut
 62982 | Depths:5 | Reached skill level 23 in Fighting
 62997 | Depths:5 | Noticed a juggernaut
 63019 | Depths:5 | Killed a juggernaut
 63019 | Depths:5 | Received a gift from Okawaru
 63225 | Depths:5 | Noticed a juggernaut
 63237 | Depths:5 | Received a gift from Okawaru
 63249 | Depths:5 | Killed a juggernaut
 63290 | Depths:5 | Identified the +10 broad axe "Hellblazer" {vamp, *Slow
                  | rPois rN+++ Dex+4} (You found it on level 5 of the Depths)
 63491 | Depths:5 | Identified the ring "Otuemehu" {Fire Dex+7}
 63544 | Depths:5 | Found the +8 demon blade "Leech" {vamp, *Rage +Rage rN+}
 63644 | Depths:5 | Acquired 380 gold pieces
 64508 | Crypt:1  | Entered Level 1 of the Crypt
 64565 | Crypt:1  | Noticed Frederick
 64583 | Crypt:1  | Killed Frederick
 64583 | Crypt:1  | Received a gift from Okawaru
 64746 | Crypt:1  | Reached skill level 24 in Fighting
 65002 | Crypt:1  | Received a gift from Okawaru
 65133 | Crypt:1  | Reached XP level 26. HP: 254/254 MP: 33/33
 65442 | Crypt:2  | Received a gift from Okawaru
 65947 | Crypt:2  | Reached skill level 15 in Throwing
 66528 | Crypt:3  | Entered Level 3 of the Crypt
 66795 | Crypt:3  | Found an ancient bone altar of Kikubaaqudgha.
 67768 | Crypt:3  | Received a gift from Okawaru
 67806 | Crypt:3  | Reached skill level 25 in Fighting
 67821 | Crypt:3  | Received a gift from Okawaru
 68219 | Crypt:3  | Found a staircase to the Tomb.
 68322 | Crypt:3  | Identified Sif Muna's Incunabulum of Unholy Rites
 68383 | Crypt:3  | Found an ancient bone altar of Kikubaaqudgha.
 68390 | Crypt:3  | Found a basalt altar of Yredelemnul.
 68752 | Crypt:3  | Got a sparkling marble ring
 68766 | Crypt:3  | Identified the +6 chain mail of Lugonu's Wrath {MR+} (You
                  | found it on level 3 of the Crypt)
 68834 | Crypt:3  | Identified the ring of the Devil {rN+ SInv} (You found it
                  | on level 3 of the Crypt)
 68846 | Crypt:3  | Got a bound glass ring
 68849 | Crypt:3  | Identified the ring "Loeneth" {rN+ Int+4} (You found it on
                  | level 3 of the Crypt)
 68853 | Crypt:3  | Got a bound jade ring
 68857 | Crypt:3  | Identified the ring "Moiluado" {rC+ rN+ MR+ Int-2 Dex+3}
                  | (You found it on level 3 of the Crypt)
 69219 | Orc:2    | Bought a phantom mirror for 450 gold pieces
 69235 | Orc:2    | Bought a crystal hand axe for 272 gold pieces
 69238 | Orc:2    | Identified the +8 hand axe of the Hall of Blades {vorpal,
                  | rElec SInv} (You bought it in a shop on level 2 of the
                  | Orcish Mines)
 69557 | Vaults:5 | Entered Level 5 of the Vaults
 69573 | Vaults:5 | Received a gift from Okawaru
 69632 | Vaults:5 | Got a silver rune of Zot
 69844 | Vaults:5 | Reached XP level 27. HP: 266/266 MP: 30/33
 69951 | Vaults:5 | Noticed an ancient lich
 69968 | Vaults:5 | Killed an ancient lich
 69976 | Vaults:5 | Received a gift from Okawaru
 70194 | Vaults:5 | Noticed an ancient lich
 70216 | Vaults:5 | Killed an ancient lich
 70329 | Vaults:5 | Received a gift from Okawaru
 70391 | Vaults:5 | Received a gift from Okawaru
 70727 | Vaults:5 | Identified the cursed +1 scale mail of Focus {rPois rF++
                  | rCorr Int-5}
 70762 | Vaults:5 | Reached skill level 10 in Evocations
 71146 | Vaults:5 | Received a gift from Okawaru
 71178 | Vaults:5 | Found the +6 shillelagh "Devastator" {shatter}
 73026 | D:9      | Bought a potion of mutation for 96 gold pieces
 73026 | D:9      | Bought a potion of stabbing for 48 gold pieces
 73026 | D:9      | Bought a potion of curing for 36 gold pieces
 74017 | Zot:1    | Entered Level 1 of the Realm of Zot
 74397 | Zot:1    | Found a transporter.
 74398 | Zot:1    | Found a radiant altar of Vehumet.
 74450 | Zot:1    | Reached skill level 26 in Fighting
 74494 | Zot:1    | Noticed an ancient lich
 74512 | Zot:1    | Noticed an orb of fire
 74759 | Zot:1    | Noticed an ancient lich
 75383 | Zot:2    | Received a gift from Okawaru
 77094 | Zot:3    | Reached skill level 27 in Fighting
 77276 | Zot:3    | Received a gift from Okawaru
 77370 | Zot:3    | Noticed an orb of fire
 77376 | Zot:3    | Killed an orb of fire
 77580 | Zot:3    | Received a gift from Okawaru
 77744 | Zot:3    | You are sucked into a shaft and drop 1 floor!
 78082 | Zot:4    | Reached skill level 15 in Invocations
 78384 | Zot:4    | Reached skill level 15 in Dodging
 78770 | Zot:4    | Acquired 330 gold pieces
 78881 | Zot:4    | Received a gift from Okawaru
 79085 | Zot:5    | Entered Level 5 of the Realm of Zot
 79301 | Zot:5    | Received a gift from Okawaru
 79736 | Zot:5    | Noticed an orb of fire
 79738 | Zot:5    | Noticed an orb of fire
 79743 | Zot:5    | Noticed an orb of fire
 79746 | Zot:5    | Killed an orb of fire
 79746 | Zot:5    | Reached skill level 15 in Shields
 79751 | Zot:5    | Noticed an orb of fire
 79752 | Zot:5    | Killed an orb of fire
 79754 | Zot:5    | Killed an orb of fire
 79760 | Zot:5    | Noticed an ancient lich
 79761 | Zot:5    | Killed an orb of fire
 79761 | Zot:5    | Received a gift from Okawaru
 79773 | Zot:5    | Killed an ancient lich
 79779 | Zot:5    | Noticed an ancient lich
 79782 | Zot:5    | Noticed an ancient lich
 79808 | Zot:5    | Killed an ancient lich
 79819 | Zot:5    | Killed an ancient lich
 79865 | Zot:5    | Noticed an ancient lich
 79877 | Zot:5    | Killed an ancient lich
 79879 | Zot:5    | Noticed an ancient lich
 79897 | Zot:5    | Killed an ancient lich
 79897 | Zot:5    | Received a gift from Okawaru
 80041 | Zot:5    | Noticed an ancient lich
 80060 | Zot:5    | Killed an ancient lich
 80166 | Zot:5    | Noticed an ancient lich
 80184 | Zot:5    | Killed an ancient lich
 81787 | Zot:5    | Got the Orb of Zot
 82408 | D:$      | Escaped with the Orb!

Illustrated notes

Levels and vault maps discovered:
D:1:      onia_arrival_mini_spirals, layout_loops_cross
D:2:      layout_basic, chequers_temple_overflow_statue_of_worship,
          vehumet_crystals
D:3:      layout_loops_ring, minmay_strange_pillars
D:4:      layout_basic, lemuel_coloured_pillars_altar,
          minmay_temple_entry_large_hall, first_ration, kennysheep_small_square,
          uniq_grinder, uniq_robin
D:5:      layout_basic, ashenzari_altar_1, serial_shops, shop
D:6:      layout_basic, lemuel_round_altar, basic_altar
D:7:      layout_basic, nicolae_gozag_seed_capital, uniq_harold,
          uniq_prince_ribbit1
D:8:      layout_layer_cave
D:9:      layout_cave_pods, orc_0_dummy, serial_shops, nicolae_shop_statue_plus,
          hangedman_little_slice_of_home
D:10:     layout_irregular_city, due_lair_maze_entry_diamond,
          hangedman_abyss_or_decor_clamps, serial_bayou_crossing, uniq_psyche,
          uniq_sonja
D:11:     layout_gridville, nicolae_barding_shop
D:12:     layout_cross, gauntlet_entry_generic, drop_trap, minmay_curled_crystal
D:13:     layout_loops_ring, serial_park_tiny_1, corexii_mini_fake_secret_closet
D:14:     layout_loops_ring, skrybe_vaults_entry_preservation, moated_statue,
          serial_shops, nicolae_shop_competitors_out_of_business, enter_trove_3,
          elyvilon_altar_5
D:15:     hangedman_depths_entry_try_elsewhere_first, layout_loops_ring,
          chequers_mini_garden, minmay_misc_feat_tower, minmay_protected_statue
Temple:   eino_temple_water
Lair:1:   layout_misc_corridors, grunt_megastairs_4
Lair:2:   layout_gridlike, beast_lair_carwin_1
Lair:3:   layout_roguey, nicolae_swamp_entry_splash_gauntlet
Lair:4:   layout_concentric_octagons, dummy_snake_entry,
          kilobyte_rumbling_trees, uniq_snorg
Lair:5:   layout_cellular_growth, chequers_serial_rivers_room_b
Lair:6:   hangedman_lair_tendril_chambers, layout_gridlike,
          hangedman_lair_caniforms_friends, slime_altar_1, roderic_batcave,
          chequers_serial_rivers_small_b
Swamp:1:  layout_falls_marsh, infiniplex_staircase_pool
Swamp:2:  layout_basic_swamp, nicolae_swamp_round_clearing
Swamp:3:  layout_basic_swamp, serial_swamp_ruin, evilmike_swamp_ruin_house_2,
          evilmike_swamp_ruin_house_4, swamp_pool4, hangedman_swamp_wriggling
Swamp:4:  swamp_basic_johnstein, layout_basic_swamp
Snake:1:  layout_basic, uniq_agnes, uniq_nikola, uniq_jorgrun
Snake:2:  layout_onion_interference, uniq_aizul
Snake:3:  layout_onion, special_room, basic_altar, nicolae_snake_biting_tails,
          st_stairs_14, uniq_bai_suzhen
Snake:4:  minmay_snake_end_coiled, layout_rooms, st_stairs_14,
          serial_bayou_lagoon_a
Orc:1:    layout_caves, gammafunk_ghost_grave, nooodl_orcs_dogs
Orc:2:    grunt_orc_cross, layout_diamond_mine, basic_altar, uniq_donald
Elf:1:    layout_loops_corners, serial_shops, nicolae_shop_stone,
          hangedman_elf_represent, hangedman_elf_targetted_burst, minivault_27,
          david_defended_altar_elf
Elf:2:    layout_loops_cross, serial_shops, shop, uniq_saint_roka
Elf:3:    minmay_elf_hall_x, layout_loops_cross, gammafunk_ghost_arena
Vaults:1: v_rooms_1, nicolae_vaults_little_squares_2, v_misc_1,
          vaults_room_octagon, hangedman_vaults_cutoff, vaults_room_large_hall,
          hangedman_vaults_capsules, vaults_mumra_lcd, v_misc_14, v_misc_1,
          ontoclasm_vaults_pinch, layout_vaults_omnicross, basic_altar
Vaults:2: minmay_crypt_entry_necro_gods, hangedman_vaults_nodes,
          vaults_room_glass_cross, v_misc_30, nicolae_vaults_theta,
          nicolae_vaults_sealed_display, nicolae_vaults_little_ls, v_misc_25,
          layout_vaults_quadrants, uniq_xtahua
Vaults:3: st_greater_box_1, nicolae_vaults_alarming, ontoclasm_vaults_idyll,
          vaults_mumra_minichess_inversion,
          vaults_room_grunt_arrival_checkpoint, layout_vaults_chaotic_city
Vaults:4: v_misc_27, nicolae_vaults_disjoint_gnomons, hangedman_vaults_hat,
          nicolae_vaults_quartermaster, ontoclasm_vaults_ring_square,
          nicolae_vaults_little_squares_1, grunt_vaults_focal,
          vaults_mumra_hexcomb, v_misc_1, ontoclasm_vaults_misaligned,
          v_misc_12, vaults_dpeg_cross, v_alt_pattern_3,
          nicolae_vaults_ring_of_whatevers, layout_vaults_omnibox, serial_shops,
          shop_fountains
Vaults:5: serial_shops
Crypt:1:  layout_gridlike, uniq_frederick
Crypt:2:  cheibrodos_crypt_draghalla, layout_chaotic_city
Crypt:3:  lightli_unholy_cathedral, layout_chaotic_city,
          nicolae_tomb_entry_unfolded_pyramid_orthogonal, basic_altar
Depths:1: layout_roguey, lightli_too_deep, old_standard_altar, serial_shops,
          kennysheep_little_box, guppyfry_shop_blood, grunt_megastairs_1
Depths:2: evilmike_horseshoe, layout_basic, pf_vacation_house_of_asmodeus,
          chequers_serial_rivers_room_a, uniq_mara
Depths:3: gammafunk_dig_for_victory, layout_cave_shapes, lemuel_statue_altar,
          pf_coc_iceberg, grunt_pan_entry_spiral
Depths:4: minmay_the_grid_square_5x5_5x5_mashed
          [minmay_the_grid_square_5x5_spiral,
          minmay_the_grid_square_5x5_spiral_small,
          minmay_the_grid_square_5x5_two, minmay_the_grid_square_5x5_shrine2,
          minmay_the_grid_square_5x5_n_small,
          minmay_the_grid_square_5x5_dogpile,
          minmay_the_grid_square_5x5_prize_waves, minmay_the_grid_square_5x5_v,
          minmay_the_grid_square_5x5_prize_open,
          minmay_the_grid_square_5x5_almost_minimal,
          minmay_the_grid_square_5x5_eight_small,
          minmay_the_grid_square_5x5_plus,
          minmay_the_grid_square_5x5_prize_deathbox,
          minmay_the_grid_square_5x5_six_small, minmay_the_grid_square_5x5_c,
          minmay_the_grid_square_5x5_mess,
          minmay_the_grid_square_5x5_prize_gold,
          minmay_the_grid_square_5x5_forky,
          minmay_the_grid_square_5x5_prize_monsterx,
          minmay_the_grid_square_5x5_longway,
          minmay_the_grid_square_5x5_inner_z,
          minmay_the_grid_square_5x5_two_small,
          minmay_the_grid_square_5x5_two_walls_a,
          minmay_the_grid_square_5x5_meh, minmay_the_grid_square_5x5_three],
          layout_cave_pools, enter_ziggurat_d, rand_demon_pan_entry_1,
          serial_sigils, serial_sigils_hangedman_shear,
          serial_sigils_hangedman_scar, serial_sigils_hangedman_leer,
          hell_entry, abyss_entry, kennysheep_small_circle
Depths:5: hangedman_slaughterboxes, hell_entry
Zot:1:    gammafunk_sealed_library, layout_gridlike
Zot:2:    layout_cathedral_of_symmetry
Zot:3:    kennysheep_bubbly, layout_basic, amethyst_zot_foddershock
Zot:4:    layout_basic, st_small_dragon_hoard_4, bh_zot_levy_curve,
          zot_minivault_4
Zot:5:    layout_concentric_octagons, st_stairs_13

Skill      XL: |  1  2  3  4  5  6  7  8  9 10 11 12 13 14 15 16 17 18 19 20 21 22 23 24 25 26 27 |
---------------+----------------------------------------------------------------------------------+-----
Polearms       | 2 3 5 6 8 10 11 12 13 14 15 | 15.4
Invocations    | 1 2 3 4 5 6 8 9 11 12 14 15 | 15.0
Dodging        | 2 3 5 7 8 11 12 16 | 16.0
Evocations     | 2 4 5 6 7 8 10 | 10.0
Armour         | 3 4 5 6 7 8 9 10 11 12 13 | 13.3
Shields        | 3 4 5 6 7 8 9 10 16 | 16.0
Throwing       | 2 5 8 10 11 12 14 16 | 16.0
Fighting       | 4 5 6 7 9 11 14 16 17 18 20 22 24 25 27 | 27.0
Crossbows      | 1 4 6 7 8 9 10 12 | 12.0
Axes           | 3 11 13 15 | 15.8

Action                   |  1- 3 |  4- 6 |  7- 9 | 10-12 | 13-15 | 16-18 | 19-21 | 22-24 | 25-27 || total
-------------------------+-------+-------+-------+-------+-------+-------+-------+-------+-------++-------
Melee: Trident           |   130 |   183 |   325 |  1010 |   545 |       |       |       |       ||  2193
       Kick              |    14 |    32 |    74 |   326 |   584 |   674 |   605 |   641 |  1333 ||  4283
       Demon trident     |       |       |       |       |  1284 |  1721 |  1546 |  1029 |   986 ||  6566
       Broad axe         |       |       |       |       |       |       |       |   153 |  1296 ||  1449
 Fire: Hand crossbow     |       |       |       |     2 |    10 |    32 |       |       |  1136 ||  1180
Throw: Dart              |     2 |    22 |    20 |    41 |    48 |       |       |       |       ||   133
       Boomerang         |       |       |       |    18 |     6 |   106 |   216 |    48 |       ||   394
       Javelin           |       |       |       |       |       |       |     3 |    10 |    63 ||    76
Invok: Heroism           |       |     2 |    13 |    33 |    22 |     3 |     1 |     1 |     3 ||    78
       Finesse           |       |       |       |     1 |    16 |    11 |    11 |    10 |    16 ||    65
 Abil: Stop Flying       |       |       |       |       |     2 |       |       |       |     1 ||     3
       Evoke Flight      |       |       |       |       |     1 |       |       |       |     1 ||     2
Evoke: Wand              |       |     6 |     9 |     6 |     6 |     4 |     1 |     7 |     4 ||    43
       Phantom mirror    |       |       |       |       |     1 |       |       |       |       ||     1
       Phial of floods   |       |       |       |       |       |     1 |       |       |       ||     1
       Box of beasts     |       |       |       |       |       |       |       |     1 |       ||     1
  Use: Scroll            |     7 |     3 |    10 |     3 |    28 |    13 |    14 |     6 |    29 ||   113
       Potion            |       |       |     1 |     4 |     6 |     2 |       |     1 |     5 ||    19
 Stab: Sleeping          |       |       |     1 |     3 |    15 |       |       |       |       ||    19
       Invisible         |       |       |       |       |     5 |       |       |       |       ||     5
       Distracted        |       |       |       |       |       |       |       |     2 |     4 ||     6
  Eat: Chunk             |     1 |     4 |     9 |    12 |    17 |    16 |    15 |     6 |     6 ||    86
       Ration            |       |     1 |     1 |     2 |     7 |     4 |     6 |     3 |    16 ||    40
Armor: Scale mail        |    43 |    64 |    55 |       |     9 |       |       |       |       ||   171
       Ring mail         |       |       |    44 |   297 |   358 |   293 |   207 |   249 |   513 ||  1961
Dodge: Dodged            |    21 |    21 |    43 |   153 |   218 |   268 |   288 |   450 |   882 ||  2344
       Repelled          |       |       |       |     1 |     1 |    12 |       |       |       ||    14
Block: Kite shield       |    34 |    52 |    93 |   281 |   475 |   451 |   443 |   537 |  1051 ||  3417
       Tower shield      |       |       |       |       |       |       |       |       |    83 ||    83
